 Dungeon Crawl Stone Soup version 0.31-a0-75-g6fe912e8c5 (webtiles) character file.

Game seed: 8755688887609059650

73 dreadwin the Grave Robber (level 4, -1/30 HPs)
             Began as a Demonspawn Necromancer on May 24, 2023.
             Slain by a worm (5 damage)
             ... on level 2 of the Dungeon.
             The game lasted 00:05:28 (1369 turns).

dreadwin the Grave Robber (Demonspawn Necromancer)  Turns: 1369, Time: 00:05:30

Health: -1/30      AC:  2    Str:  8    XL:     4   Next: 8%
Magic:  0/8        EV: 17    Int: 19    God:
Gold:   63         SH:  0    Dex: 15    Spells: 4/8 levels left

rFire   + . .        g - staff of fire
rCold   . . .        (no shield)
rNeg    . . .        a - +0 robe
rPois   .            (no helmet)
rElec   .            (no cloak)
rCorr   .            (no gloves)
SInv    .            (no boots)
Will    .....        i - amulet of regeneration
Stlth   +++          (no ring)
HPRegen 1.05/turn    (no ring)
MPRegen 0.11/turn

%: no passive effects
@: agile
A: thin skeletal structure 1, powered by pain 1, demonic touch 1
a: no special abilities


You were on level 2 of the Dungeon.
You visited 1 branch of the dungeon, and saw 2 of its levels.

You collected 91 gold pieces.
You spent 28 gold pieces at shops.

Inventory:

Hand Weapons
 c - a +0 short sword
Armour
 a - a +0 robe (worn)
Magical Staves
 g - a staff of fire (weapon)
Jewellery
 i - an amulet of regeneration (around neck)
Scrolls
 d - 2 scrolls of identify
 f - a scroll of enchant armour {unknown}
 h - a scroll of teleportation {unknown}
Potions
 e - a potion of ambrosia {unknown}


   Skills:
 + Level 0.1 Fighting
 * Level 0.6 Staves
 + Level 2.0 Dodging
 + Level 1.8 Stealth
 + Level 2.6 Spellcasting
 + Level 5.4 Necromancy


You had 4 spell levels left.
You knew the following spells:

 Your Spells              Type           Power      Damage    Failure   Level
a - Necrotise             Necr           92%        1d8       1%          1
b - Vampiric Draining     Necr           23%        2d7       4%          3

Your spell library contained the following spells:

 Spells                   Type           Power      Damage    Failure   Level
 Animate Dead             Necr           23%        N/A       17%         4
 Agony                    Necr           23%        N/A       43%         5


Dungeon Overview and Level Annotations

Branches:
Dungeon (2/15)

Altars:

Shops:
D:1 *


Innate Abilities, Weirdness & Mutations

You have a somewhat thin skeletal structure. (Dex +2, Stealth+)
You sometimes gain a little power by taking damage.
Your touch may inflict minor irresistible damage on your foes.


Message History

You draw life force from the gnoll!
You feel life coursing into your body. The gnoll hits you with a +0 spear.
Casting: Vampiric Draining (quite dangerous; 6% risk of failure)
Confirm with . or Enter, or press ? or * to list all spells.
Aiming: Necrotise (safe; 1% risk of failure)
Press: ? - help, Shift-Dir - straight line, f/p - gnoll
Aim: a gnoll, wielding a +0 spear (almost dead, ally target, chance to affect: 85%)
The gnoll barely resists.
The gnoll hits you with a +0 spear.
Your gnoll skeleton closely misses the gnoll.
You barely miss the gnoll.
The gnoll is almost dead.
The gnoll misses you.
Your gnoll skeleton barely misses the gnoll.
The worm bites you.
* * * LOW HITPOINT WARNING * * *
The gnoll misses you.
You hit the gnoll but do no damage.
The gnoll is almost dead.
Your gnoll skeleton hits the gnoll.
The gnoll dies!
The worm bites you.
* * * LOW HITPOINT WARNING * * *
A dart slug comes into view.
You have reached level 4!
You feel clever.
Your demonic ancestry asserts itself...
Your bones become slightly less dense.
Casting: Necrotise (safe; 1% risk of failure)
Confirm with . or Enter, or press ? or * to list all spells.
Aiming: Necrotise (safe; 1% risk of failure)
Press: ? - help, Shift-Dir - straight line, f - worm
Aim: a worm (chance to affect: 87%)
The worm barely resists.
Your gnoll skeleton closely misses the worm.
Hit: g) staff of fire
Press: ? - help, Dir - move target, f/p - worm
Aim: a worm (ally target, about 21% to evade your staff of fire)
You hit the worm.
You touch the worm!
The worm is heavily wounded.
The worm bites you.
You die...

............ ###
#.#......... ..
............ #.
#.#.........
..##.####.#.........
.........#.........
###.Z...#.........
#...w)..#.<.......
###.#@#.#.........
......g.#.#.#.##+#####
..g...g.#.#.#.....#
........#.#.#.....###
........#.#..........
.####...#.###.####...
###.#+# #.# .. ... #.#
. #.#


You could see a worm (ally target) and a friendly gnoll skeleton.

Vanquished Creatures
  3 gnolls (D:2)
  A dart slug (D:1)
  5 bats (D:1)
  2 endoplasms (D:1)
  2 goblins (D:1)
  3 hobgoblins (D:1)
  5 kobolds (D:1)
  A quokka (D:1)
  3 ball pythons (D:1)
  3 frilled lizards
28 creatures vanquished.

Vanquished Creatures (collateral kills)
  A gnoll (D:2)
  A kobold (D:1)
  A rat (D:1)
3 creatures vanquished.

Grand Total: 31 creatures vanquished

Notes
Turn   | Place    | Note
-------+----------+-------------------------------------------
     0 | D:1      | dreadwin the Demonspawn Necromancer began the quest for the
                  | Orb.
     0 | D:1      | Reached XP level 1. HP: 13/13 MP: 3/3
   156 | D:1      | Gained mutation: You sometimes gain a little power by
                  | taking damage. [demonic ancestry]
   156 | D:1      | Reached XP level 2. HP: 19/19 MP: 0/5
   591 | D:1      | Reached skill level 5 in Necromancy
   882 | D:1      | Found Oqapioh's General Store.
   888 | D:1      | Bought a scroll of identify for 28 gold pieces
   904 | D:1      | Gained mutation: Your touch may inflict minor irresistible
                  | damage on your foes. [demonic ancestry]
   904 | D:1      | Reached XP level 3. HP: 21/24 MP: 3/6
   908 | D:1      | Learned a level 3 spell: Vampiric Draining
  1367 | D:2      | HP: 1/24 [worm (6)]
  1368 | D:2      | Gained mutation: You have a somewhat thin skeletal
                  | structure. (Dex +2, Stealth+) [demonic ancestry]
  1368 | D:2      | Reached XP level 4. HP: 2/30 MP: 1/8
  1369 | D:2      | Slain by a worm

Illustrated notes

Levels and vault maps discovered:
D:1:      erik_arrival_cave_to_civilisation [erik_arrival_cave_to_hall],
          layout_basic, serial_shops, shop, chequers_serial_rivers_micro_e,
          serial_bayou_lake_a
D:2:      layout_basic

Skill      XL: |  1  2  3 |
---------------+----------+-----
Necromancy     | 5 |  5.4
Dodging        | 2 |  2.0
Fighting       | |  0.1
Staves         | |  0.6
Stealth        | |  1.8
Spellcasting   | |  2.6

Action                     |  1- 3 |  4- 6 || total
---------------------------+-------+-------++-------
  Melee: Short sword       |    20 |       ||    20
         Staff             |    12 |     1 ||    13
         Touch             |     3 |     1 ||     4
   Cast: Necrotise         |    40 |     1 ||    41
         Vampiric Draining |     2 |       ||     2
    Use: Potion            |     1 |       ||     1
 Armour: Robe              |    28 |       ||    28
  Dodge: Dodged            |    68 |       ||    68

Table legend: (Time is in decaauts)
 A = Elapsed time spent in this place.
 B = Non-inter-level travel time spent in this place.
 C = Inter-level travel time spent in this place.
 D = Time resting spent in this place.
 E = Time spent auto-exploring this place.
 F = Levels seen in this place.
 G = Mean time per level.
                   A        B        C        D        E       F      G
               +--------+--------+--------+--------+--------+-----+--------+
         Total |   1415 |   1397 |     18 |      0 |    996 |   2 |  707.5 |
       Dungeon |   1415 |   1397 |     18 |      0 |    996 |   2 |  707.5 |
               +--------+--------+--------+--------+--------+-----+--------+

Top non-repeatable levels by time:
     D:1: 1363 daAuts
     D:2: 52 daAuts
